FSL
BRADENTON MARAUDERS @ JUPITER HAMMERHEADS
07/14/2098
 
TOP OF THE 1ST
Bradenton Marauders batting - Pitching for Jupiter Hammerheads : RHP Javier Sanchez
Pitching: RHP Javier Sanchez
Batting: SHB Tom Marks 0-0: Called Strike
0-1: Foul Ball, location: 2F
0-2: Ball
1-2: Ball
2-2: Ball
3-2: Hit by Pitch
Batting: RHB Ricardo Vilches 0-0: Ball
1-0: Ball
2-0: Swinging Strike
2-1: Ball
Tom Marks steals 2nd base (no throw)
3-1: Foul Ball, location: 7LMF
3-2: DOUBLE (Flyball, 8LXD, EV 102.5 MPH)
Tom Marks scores
Batting: RHB Justin Anselmi 0-0: SINGLE (Groundball, 3D, EV 106.9 MPH)
Ricardo Vilches to third
Runner from 3rd tries for Home, SAFE, throw by RF to home
Batting: RHB Mike Clinton 0-0: Ball
1-0: Called Strike
1-1: Ball
2-1: Fly out, F5 (Popup, 56S, EV 85.0 MPH)
Batting: LHB Robby Salinas 0-0: Ball
1-0: Ball
2-0: Ball
3-0: Called Strike
3-1: Base on Balls
Justin Anselmi to second
Batting: RHB Matt Stuart 0-0: Called Strike
0-1: Swinging Strike
0-2: SINGLE (Line Drive, 4M, EV 94.4 MPH)
Justin Anselmi to third
Robby Salinas to second
Batting: RHB John Sexton 0-0: Ball
1-0: Ball
2-0: Called Strike
2-1: Grounds into fielders choice 1-2 (Groundball, 15S, EV 70.0 MPH)
Robby Salinas to third
Matt Stuart to second
Batting: RHB Sean Malone 0-0: Foul Ball, location: 9LDF
0-1: Called Strike
0-2: Ball
1-2: Foul Ball, location: 25F
1-2: Foul Ball, location: 2F
1-2: Ball
2-2: Ground out U3 (Groundball, 34, EV 81.9 MPH)
Top of the 1st over - 2 runs, 3 hits, 0 errors, 3 left on base; Bradenton 2 - Jupiter 0
BOTTOM OF THE 1ST
Jupiter Hammerheads batting - Pitching for Bradenton Marauders : RHP Joe O'Connor
Pitching: RHP Joe O'Connor
Batting: RHB Steve Franek 0-0: Ball
1-0: Ball
2-0: Swinging Strike
2-1: Foul Ball, location: 9LMF
2-2: Strikes out swinging
Batting: LHB Dan Parker 0-0: Ball
1-0: Swinging Strike
1-1: Swinging Strike
1-2: Ball
2-2: Ball
3-2: SINGLE (Line Drive, 56, EV 109.4 MPH)
Batting: RHB Chris Jenkins 0-0: Called Strike
0-1: Ball
1-1: Ball
2-1: Ball
3-1: Base on Balls
Dan Parker to second
Batting: LHB Jake King 0-0: Ball
1-0: Called Strike
1-1: Foul Ball, location: 7LMF
1-2: Ball
2-2: Strikes out looking
Batting: RHB Brett O'Grady 0-0: Ball
1-0: Foul Ball, location: 2F
1-1: Ball
2-1: Called Strike
2-2: Ball
3-2: Strikes out swinging
Bottom of the 1st over - 0 runs, 1 hit, 0 errors, 2 left on base; Bradenton 2 - Jupiter 0
TOP OF THE 2ND
Bradenton Marauders batting - Pitching for Jupiter Hammerheads : RHP Javier Sanchez
Batting: RHB Alex Cabrera 0-0: Ball
1-0: Called Strike
1-1: Ball
2-1: Ball
3-1: Hit by Pitch
Batting: SHB Tom Marks 0-0: Bunted foul
0-1: Bunted foul
0-2: Fly out, F9 (Flyball, 9, EV 81.3 MPH)
Batting: RHB Ricardo Vilches 0-0: Ball
Alex Cabrera steals 2nd base
1-0: Called Strike
1-1: Called Strike
1-2: Ball
2-2: Ball
3-2: Base on Balls
Batting: RHB Justin Anselmi 0-0: Ball
1-0: Ball
2-0: Grounds into double play, 6-4-3 (Groundball, 6, EV 98.1 MPH)
Top of the 2nd over - 0 runs, 0 hits, 0 errors, 1 left on base; Bradenton 2 - Jupiter 0
BOTTOM OF THE 2ND
Jupiter Hammerheads batting - Pitching for Bradenton Marauders : RHP Joe O'Connor
Batting: RHB Jeremy Bennett 0-0: Foul Ball, location: 2F
0-1: Ball
1-1: Foul Ball, location: 2F
1-2: Ball
2-2: Strikes out looking
Batting: RHB Doug Reigstad 0-0: Ball
1-0: Ball
2-0: Ball
3-0: Base on Balls
Batting: RHB Jose Marquez 0-0: Ball
1-0: Swinging Strike
1-1: Ball
2-1: Foul Ball, location: 25F
2-2: Ball
3-2: SINGLE (Line Drive, 56D, EV 94.4 MPH)
Doug Reigstad to second
Batting: RHB Danny Rickey 0-0: Ball
1-0: Swinging Strike
1-1: Ball
2-1: Foul Ball, location: 3F
2-2: Foul Ball, location: 5DF
2-2: Ball
3-2: Fly out, F7 (Flyball, 7, EV 79.4 MPH)
Batting: RHB Steve Franek 0-0: Called Strike
0-1: Ball
1-1: Foul Ball, location: 25F
1-2: Ball
2-2: Foul Ball, location: 2F
2-2: SINGLE (Line Drive, 34D, EV 107.5 MPH)
Doug Reigstad to third
Jose Marquez to second
Runner from 3rd tries for Home, SAFE, throw by RF to home
Batting: LHB Dan Parker 0-0: Called Strike
0-1: Ball
1-1: Foul Ball, location: 2F
1-2: SINGLE (Line Drive, 7S, EV 103.8 MPH)
Jose Marquez to third
Steve Franek to second
Runner from 3rd tries for Home, SAFE, throw by LF to home
Batting: RHB Chris Jenkins 0-0: Ball
1-0: Called Strike
1-1: Foul Ball, location: 9LMFF
1-2: Strikes out looking
Bottom of the 2nd over - 2 runs, 3 hits, 0 errors, 2 left on base; Bradenton 2 - Jupiter 2
TOP OF THE 3RD
Bradenton Marauders batting - Pitching for Jupiter Hammerheads : RHP Javier Sanchez
Batting: RHB Mike Clinton 0-0: Called Strike
0-1: Ground out 2-3 (Groundball, 2R, EV 64.4 MPH)
Batting: LHB Robby Salinas 0-0: Ball
1-0: Ball
2-0: Foul Ball, location: 7LSF
2-1: Foul Ball, location: 7LMF
2-2: SINGLE (Line Drive, 6D, EV 99.4 MPH)
Batting: RHB Matt Stuart 0-0: Ball
1-0: SINGLE (Line Drive, 34D, EV 68.8 MPH)
Robby Salinas to second
Runner from 2nd tries for 3rd, SAFE, no throw by RF
Pitching: RHP Sergio Duarte
Batting: RHB John Sexton 0-0: Ball
1-0: Fly out, F5 (Popup, 5F, EV 60.0 MPH)
Batting: RHB Sean Malone 0-0: Called Strike
Matt Stuart steals 2nd base
0-1: Ball
1-1: DOUBLE (Groundball, 5L, EV 98.1 MPH)
Robby Salinas scores
Matt Stuart scores
Batting: RHB Alex Cabrera 0-0: Ball
1-0: Called Strike
1-1: Called Strike
1-2: Strikes out swinging
Top of the 3rd over - 2 runs, 3 hits, 0 errors, 1 left on base; Bradenton 4 - Jupiter 2
BOTTOM OF THE 3RD
Jupiter Hammerheads batting - Pitching for Bradenton Marauders : RHP Joe O'Connor
Batting: LHB Jake King 0-0: Foul Ball, location: 2F
0-1: Ball
1-1: Foul Ball, location: 2F
1-2: Ball
2-2: Ball
3-2: Foul Ball, location: 7LMF
3-2: Base on Balls
Pitching: RHP Manny Rangel
Batting: RHB Brett O'Grady 0-0: Swinging Strike
0-1: Foul Ball, location: 3F
0-2: SINGLE (Line Drive, 4M, EV 98.1 MPH)
Jake King to second
Batting: RHB Jeremy Bennett 0-0: Foul Ball, location: 2F
0-1: Ball
1-1: Bunt missed!
1-2: Strikes out swinging
Batting: RHB Doug Reigstad 0-0: Called Strike
0-1: Fly out, F4 (Popup, 4M, EV 74.4 MPH)
Batting: RHB Jose Marquez 0-0: Fly out, F8 (Flyball, 78D, EV 93.1 MPH)
Bottom of the 3rd over - 0 runs, 1 hit, 0 errors, 2 left on base; Bradenton 4 - Jupiter 2
TOP OF THE 4TH
Bradenton Marauders batting - Pitching for Jupiter Hammerheads : RHP Sergio Duarte
Batting: SHB Tom Marks 0-0: Ground out 4-3 (Groundball, 4, EV 91.3 MPH)
Batting: RHB Ricardo Vilches 0-0: Fly out, F8 (Flyball, 89D, EV 89.4 MPH)
Batting: RHB Justin Anselmi 0-0: Ball
1-0: Swinging Strike
1-1: Ball
2-1: Ground out 5-3 (Groundball, 5S, EV 86.3 MPH)
Top of the 4th over - 0 runs, 0 hits, 0 errors, 0 left on base; Bradenton 4 - Jupiter 2
BOTTOM OF THE 4TH
Jupiter Hammerheads batting - Pitching for Bradenton Marauders : RHP Manny Rangel
Batting: RHB Danny Rickey 0-0: Ball
1-0: Called Strike
1-1: Fly out, F7 (Line Drive, 78M, EV 96.9 MPH)
Batting: RHB Steve Franek 0-0: Ball
1-0: Ball
2-0: Ball
3-0: Base on Balls
Batting: LHB Dan Parker 0-0: Ball
1-0: Ball
2-0: Fly out, F9 (Flyball, 9D, EV 81.3 MPH)
Batting: RHB Chris Jenkins 0-0: Ball
1-0: SINGLE (Line Drive, 7S, EV 91.9 MPH)
Steve Franek to second
Batting: LHB Jake King 0-0: Ball
1-0: DOUBLE (Flyball, 5D, EV 99.4 MPH)
Steve Franek scores
Chris Jenkins to third
Runner from 3rd tries for Home, SAFE, no throw by LF
Pinch Hitting: LHB Zach Cardillo 0-0: Called Strike
0-1: Ground out 4-3 (Groundball, 4, EV 110.0 MPH)
Bottom of the 4th over - 2 runs, 2 hits, 0 errors, 1 left on base; Bradenton 4 - Jupiter 4
TOP OF THE 5TH
Bradenton Marauders batting - Pitching for Jupiter Hammerheads : RHP Sergio Duarte
Now at 1B: Todd McAllister
Batting: RHB Mike Clinton 0-0: Ground out 5-3 (Groundball, 5, EV 87.5 MPH)
Batting: LHB Robby Salinas 0-0: Ball
1-0: Called Strike
1-1: Foul Ball, location: 5F
1-2: Strikes out swinging
Batting: RHB Matt Stuart 0-0: Foul Ball, location: 3F
0-1: Ball
1-1: Called Strike
1-2: Ball
2-2: Foul Ball, location: 2F
2-2: Strikes out swinging
Top of the 5th over - 0 runs, 0 hits, 0 errors, 0 left on base; Bradenton 4 - Jupiter 4
BOTTOM OF THE 5TH
Jupiter Hammerheads batting - Pitching for Bradenton Marauders : RHP Manny Rangel
Batting: RHB Jeremy Bennett 0-0: Ground out 6-3 (Groundball, 6, EV 81.9 MPH)
Batting: RHB Doug Reigstad 0-0: Ball
1-0: Swinging Strike
1-1: Called Strike
1-2: Strikes out swinging
Batting: RHB Jose Marquez 0-0: Called Strike
0-1: Foul Ball, location: 5DF
0-2: Ball
1-2: SINGLE (Line Drive, 7S, EV 108.8 MPH)
Batting: RHB Danny Rickey 0-0: Called Strike
0-1: Ball
1-1: Ball
2-1: Foul Ball, location: 3F
2-2: Fielders Choice at 2nd, 5-4 (Groundball, 5, EV 103.8 MPH)
Bottom of the 5th over - 0 runs, 1 hit, 0 errors, 1 left on base; Bradenton 4 - Jupiter 4
TOP OF THE 6TH
Bradenton Marauders batting - Pitching for Jupiter Hammerheads : RHP Sergio Duarte
Batting: RHB John Sexton 0-0: Ball
1-0: Foul Ball, location: 9LSF
1-1: Foul Ball, location: 9LMF
1-2: Ball
2-2: Ball
3-2: Foul Ball, location: 2F
3-2: Ground out 6-3 (Groundball, 6, EV 81.3 MPH)
Batting: RHB Sean Malone 0-0: Ball
1-0: Ball
2-0: Ball
3-0: Called Strike
3-1: Swinging Strike
3-2: Strikes out swinging
Pinch Hitting: RHB Noel Jacobs 0-0: Ball
1-0: Ground out 5-3 (Groundball, 56, EV 104.4 MPH)
Top of the 6th over - 0 runs, 0 hits, 0 errors, 0 left on base; Bradenton 4 - Jupiter 4
BOTTOM OF THE 6TH
Jupiter Hammerheads batting - Pitching for Bradenton Marauders : RHP Manny Rangel
Now at 3B: Mike Mays
Batting: RHB Steve Franek 0-0: Ball
1-0: Called Strike
1-1: Foul Ball, location: 5F
1-2: Foul Ball, location: 9LSF
1-2: Ground out 5-3 (Groundball, 56S, EV 82.5 MPH)
Batting: LHB Dan Parker 0-0: Called Strike
0-1: Fly out, F2 (Popup, 2RF, EV 86.3 MPH)
Batting: RHB Chris Jenkins 0-0: Swinging Strike
0-1: Ball
1-1: Ground out 6-3 (Groundball, 56, EV 106.3 MPH)
Bottom of the 6th over - 0 runs, 0 hits, 0 errors, 0 left on base; Bradenton 4 - Jupiter 4
TOP OF THE 7TH
Bradenton Marauders batting - Pitching for Jupiter Hammerheads : RHP Sergio Duarte
Batting: SHB Tom Marks 0-0: Called Strike
0-1: Ball
1-1: SINGLE (Line Drive, 3D, EV 104.4 MPH)
Batting: RHB Ricardo Vilches 0-0: Called Strike
0-1: Ball
1-1: Ball
Wild Pitch!
Tom Marks to second
2-1: Called Strike
Tom Marks steals 3rd base
2-2: Strikes out swinging
Pinch Hitting: RHB Nick Pieper 0-0: Called Strike
0-1: Ball
1-1: Ball
2-1: Ball
3-1: SINGLE (Line Drive, 9S, EV 100.0 MPH)
Tom Marks scores
Pitching: LHP Julius Jones
Batting: RHB Mike Clinton 0-0: Ball
1-0: Called Strike
1-1: Called Strike
1-2: Ball
2-2: SINGLE (Line Drive, 89M, EV 101.3 MPH)
Nick Pieper to second
Batting: LHB Robby Salinas 0-0: Ball
1-0: Ball
2-0: Called Strike
2-1: Called Strike
2-2: Strikes out swinging
Batting: RHB Matt Stuart 0-0: Ball
1-0: SINGLE (Flyball, 8RS, EV 93.1 MPH)
Nick Pieper to third
Mike Clinton to second
Runner from 3rd tries for Home, SAFE, throw by CF to home
Batting: RHB John Sexton 0-0: Called Strike
0-1: Ball
1-1: Ball
2-1: Foul Ball, location: 25F
2-2: Strikes out looking
Top of the 7th over - 2 runs, 4 hits, 0 errors, 2 left on base; Bradenton 6 - Jupiter 4
BOTTOM OF THE 7TH
Jupiter Hammerheads batting - Pitching for Bradenton Marauders : RHP Manny Rangel
Now in RF: Nick Pieper
Batting: LHB Jake King 0-0: Fly out, F9 (Line Drive, 89D, EV 87.5 MPH)
Batting: RHB Todd McAllister 0-0: SOLO HOME RUN (Flyball, 9LD, EV 90.6 MPH), Distance : 336 ft
Pitching: LHP Brian Hixson
Batting: RHB Jeremy Bennett 0-0: Foul Ball, location: 3DF
0-1: Foul Ball, location: 3FF
0-2: Ball
1-2: SINGLE (Line Drive, 7LD, EV 102.5 MPH)
Batting: RHB Doug Reigstad 0-0: Ball
1-0: Ball
2-0: Ball
3-0: Called Strike
3-1: Fly out, F9 (Flyball, 9D, EV 100.6 MPH)
Batting: RHB Jose Marquez 0-0: Ball
1-0: Ball
2-0: Foul Ball, location: 2F
2-1: Foul Ball, location: 5F
2-2: Strikes out swinging
Bottom of the 7th over - 1 run, 2 hits, 0 errors, 1 left on base; Bradenton 6 - Jupiter 5
TOP OF THE 8TH
Bradenton Marauders batting - Pitching for Jupiter Hammerheads : LHP Julius Jones
Batting: RHB Sean Malone 0-0: Ground out 2-3 (Groundball, 15S, EV 68.1 MPH)
Batting: RHB Mike Mays 0-0: Ball
1-0: Foul Ball, location: 3FF
1-1: Ball
2-1: Ball
3-1: Foul Ball, location: 2F
3-2: Base on Balls
Batting: SHB Tom Marks 0-0: Ball
1-0: Swinging Strike
1-1: Called Strike
1-2: Foul Ball, location: 9LDF
1-2: Strikes out swinging
Batting: RHB Ricardo Vilches 0-0: Ball
1-0: Called Strike
1-1: SINGLE (Line Drive, 8RS, EV 105.0 MPH)
Mike Mays to second
Runner from 2nd tries for 3rd, SAFE, no throw by CF
Batting: RHB Nick Pieper 0-0: Foul Ball, location: 2LF
0-1: Swinging Strike
0-2: Ball
1-2: Fly out, F9 (Flyball, 9S, EV 84.4 MPH)
Top of the 8th over - 0 runs, 1 hit, 0 errors, 2 left on base; Bradenton 6 - Jupiter 5
BOTTOM OF THE 8TH
Jupiter Hammerheads batting - Pitching for Bradenton Marauders : LHP Brian Hixson
Pinch Hitting: LHB Victor Valdez 0-0: Called Strike
0-1: Ball
1-1: Foul Ball, location: 5F
1-2: Strikes out swinging
Batting: RHB Steve Franek 0-0: Called Strike
0-1: SINGLE (Line Drive, 9S, EV 91.9 MPH)
Batting: RHB Rico Gomez 0-0: Ball
1-0: Ball
2-0: Swinging Strike
2-1: Ball
3-1: Base on Balls
Steve Franek to second
Batting: RHB Chris Jenkins 0-0: Fly out, F8 (Flyball, 8RXD, EV 108.1 MPH)
Runner from 2nd tags up, SAFE at 3rd, no throw by CF
Pinch Hitting: RHB Jason Milano 0-0: Ball
1-0: Foul Ball, location: 2F
1-1: Called Strike
1-2: Strikes out looking
Bottom of the 8th over - 0 runs, 1 hit, 0 errors, 2 left on base; Bradenton 6 - Jupiter 5
TOP OF THE 9TH
Bradenton Marauders batting - Pitching for Jupiter Hammerheads : LHP Julius Jones
Now at 3B: Jason Milano
Now in RF: Victor Valdez
Batting: RHB Mike Clinton 0-0: Ball
1-0: Ball
2-0: Called Strike
2-1: Called Strike
2-2: Strikes out swinging
Batting: LHB Robby Salinas 0-0: Ball
1-0: Ball
2-0: Ball
3-0: Ground out 5-3 (Groundball, 56, EV 85.6 MPH)
Batting: RHB Matt Stuart 0-0: Swinging Strike
0-1: Ball
1-1: Ball
2-1: Foul Ball, location: 3SF
2-2: Hit by Pitch
Pitching: RHP Juan Cintora
Batting: RHB John Sexton 0-0: Ball
1-0: Fly out, F7 (Flyball, 7, EV 86.3 MPH)
Top of the 9th over - 0 runs, 0 hits, 0 errors, 1 left on base; Bradenton 6 - Jupiter 5
BOTTOM OF THE 9TH
Jupiter Hammerheads batting - Pitching for Bradenton Marauders : LHP Brian Hixson
Batting: RHB Todd McAllister 0-0: Foul Ball, location: 25F
0-1: Ball
1-1: Fly out, F8 (Flyball, 8LM, EV 85.6 MPH)
Batting: RHB Jeremy Bennett 0-0: Ball
1-0: Ball
2-0: Called Strike
2-1: Swinging Strike
2-2: Strikes out swinging
Batting: RHB Doug Reigstad 0-0: Ball
1-0: Foul Ball, location: 2F
1-1: Ball
2-1: Ball
3-1: Called Strike
3-2: SINGLE (Groundball, 4M, EV 108.8 MPH) (infield hit)
Pitching: RHP Olav Zeegers
Batting: RHB Jose Marquez 0-0: Fly out, F2 (Popup, 15S, EV 89.4 MPH)
Bottom of the 9th over - 0 runs, 1 hit, 0 errors, 1 left on base; Bradenton 6 - Jupiter 5
Tuesday, April 9th , 2024 - OOTP Baseball 24.11 Build 85